 Dungeon Crawl Stone Soup version 0.27.1-2-g3b301248ec (webtiles) character file.

Game seed: 869116024618031700

490 jlumianski the Covered (level 6, -7/57 HPs)
             Began as a Deep Dwarf Fighter on Oct 3, 2021.
             Was an Initiate of Makhleb.
             Mangled by Duvessa (12 damage)
             ... on level 5 of the Dungeon on Oct 4, 2021.
             The game lasted 00:17:57 (4001 turns).

jlumianski the Covered (Deep Dwarf Fighter)         Turns: 4001, Time: 00:17:58

Health: -7/57      AC:  9    Str: 22    XL:     6   Next: 90%
Magic:  0/5        EV:  8    Int:  8    God:    Makhleb [......]
Gold:   269        SH: 10    Dex: 12    Spells: 5/5 levels left

rFire    . . .     SeeInvis .   a - +0 war axe
rCold    . . .     Faith    .   c - +0 kite shield
rNeg     . . .     Spirit   +   b - +0 scale mail
rPois    .         Reflect  .   e - +0 helmet
rElec    .         Harm     .   s - +0 cloak
rCorr    .         Rampage  .   (no gloves)
Will     .....                  (no boots)
Stlth    ..........             y - amulet of guardian spirit
HPRegen  0.00/turn              m - ring of wizardry
MPRegen  0.09/turn              (no ring)

@: no status effects
A: damage resistance, heal wounds, sense surroundings 1, no regeneration
a: Heal Wounds, Renounce Religion


You were on level 5 of the Dungeon.
You worshipped Makhleb.
Makhleb was noncommittal.
You visited 2 branches of the dungeon, and saw 6 of its levels.

You collected 269 gold pieces.

Inventory:

Hand Weapons
 a - a +0 war axe (weapon)
 f - a +0 hunting sling of flaming
 i - a +0 dagger
 l - a +0 short sword of draining
 o - a +2 dagger of holy wrath
Missiles
 k - 60 sling bullets
 q - 81 stones
Armour
 b - a +0 scale mail (worn)
 c - a +0 kite shield (worn)
 e - a +0 helmet (worn)
 s - a +0 cloak (worn)
 A - a +1 ring mail of poison resistance
Magical Staves
 j - a staff of earth
Jewellery
 m - a ring of wizardry (left hand)
 y - an amulet of guardian spirit (around neck)
 B - a ring of see invisible
Wands
 r - a wand of flame (22)
 z - a wand of paralysis (6)
Scrolls
 h - a scroll of teleportation
 v - a scroll of enchant armour {unknown}
 w - 2 scrolls of vulnerability {unknown}
 x - a scroll of noise {unknown}
Potions
 d - 2 potions of might
 g - 3 potions of curing {unknown}
 n - 3 potions of heal wounds {unknown}
 p - a potion of attraction {unknown}
 t - a potion of cancellation {unknown}
 u - a potion of lignification {unknown}
 C - a potion of ambrosia {unknown}


   Skills:
 + Level 3.6 Fighting
 + Level 4.6 Axes
 + Level 2.8 Slings
 + Level 4.8 Armour
 + Level 1.4 Dodging
 + Level 0.4 Stealth
 + Level 4.5 Shields


You had 5 spell levels left.
You didn't know any spells.
Your spell library contained the following spells:

 Spells                   Type           Power      Damage    Failure   Level
 Freeze                   Ice            0%         1d3       82%         1
 Shock                    Conj/Air       0%         1d3       82%         1
 Sting                    Tmut/Pois      0%         1d3       82%         1
 Poisonous Vapours        Pois/Air       0%         N/A       91%         2
 Frozen Ramparts          Ice            0%         1d2       99%         3
 Gell's Gravitas          Tloc           0%         N/A       99%         3
 Lesser Beckoning         Tloc           0%         N/A       99%         3
 Swiftness                Air            0%         N/A       99%         3
 Teleport Other           Tloc           0%         N/A       99%         3
 Airstrike                Air            0%         N/A       100%        4
 Hailstorm                Conj/Ice       0%         3d3       100%        4
 Olgreb's Toxic Radiance  Pois           0%         N/A       100%        4


Dungeon Overview and Level Annotations

Branches:
Dungeon (5/15)             Temple (1/1) D:4

Altars:
Ashenzari
Cheibriados
Dithmenos
Hepliaklqana
Kikubaaqudgha
Makhleb
Nemelex Xobeh
Qazlal
Ru
Sif Muna
Trog
Uskayaw
Vehumet
Wu Jian
Xom
Yredelemnul
Zin

Annotations:
D:5 Duvessa


Innate Abilities, Weirdness & Mutations

You are resistant to damage.
You can heal yourself by infusing magical energy.
You passively map a small area around you.
You do not regenerate.


Message History

Dowan casts a spell.
Dowan blinks!
Dowan gestures wildly while chanting.
Dowan blinks!
Dowan casts a spell at you.
You are outlined in light.
Dowan points at you and mumbles some strange words.
The puff of flame hits you. Dowan completely misses you.
You hit Dowan.
Dowan is almost dead.
Dowan barely misses you.
You hit Dowan.
You kill Dowan!
Makhleb accepts your kill.
You hear a distant scream of rage.
Things that are here:
a +0 dagger; a +1 robe of cold resistance; the elf corpse of Dowan Duvessa, Sister of Dowan comes into view.
She is wielding a +0 rapier and wearing a +2 chain mail of fire resistance.
Duvessa shouts!
Duvessa goes berserk!
You are no longer glowing.
Duvessa hits you with a +0 rapier!
* * * LOW HITPOINT WARNING * * *
You block Duvessa's attack. You block Duvessa's attack.
Keep disrobing?
You start removing your amulet.
You continue taking off your amulet of guardian spirit.
Duvessa hits you with a +0 rapier.
* * * LOW HITPOINT WARNING * * *
Duvessa hits you with a +0 rapier.
* * * LOW HITPOINT WARNING * * *
You continue taking off your amulet of guardian spirit.
You block Duvessa's attack.
You continue taking off your amulet of guardian spirit.
Duvessa hits you with a +0 rapier.
* * * LOW HITPOINT WARNING * * *
Duvessa hits you with a +0 rapier!
You die...

#...##_._##.............#
#...#.....#...........###
#...##...##...........#
#....##.##...........## *
###.....#'#............#
..##...............)...#
*
......................##
................e.....#
.#..............@....##
####...............###
##..........#####
##.........##
#.....##...#
##...####..## #...#
##..## ##..## ##..##
#...# ##..##


You could see Duvessa (berserk).

Vanquished Creatures
  Menkaure (D:5)
  Dowan (D:5)
  A crimson imp (D:5)
  A centaur zombie (D:5)
  A bullfrog skeleton (D:5)
  Jessica (D:2)
  An iguana (D:5)
  An orc wizard (D:4)
  5 adders
  An ufetubus (D:4)
  2 dart slugs
  3 orcs (D:4)
  4 endoplasms
  3 giant cockroaches
  8 goblins
  9 hobgoblins
  4 jackals (D:1)
  5 quokkas
  9 ball pythons
  8 bats
  4 frilled lizards
  12 kobolds
  7 rats
  A spectral hobgoblin (D:4)
93 creatures vanquished.

Notes
Turn   | Place    | Note
-------+----------+-------------------------------------------
     0 | D:1      | jlumianski the Deep Dwarf Fighter began the quest for the
                  | Orb.
     0 | D:1      | Reached XP level 1. HP: 20/20 MP: 1/1
   156 | D:1      | Reached XP level 2. HP: 21/27 MP: 2/2
   242 | D:1      | Found a faded altar of an unknown god.
   667 | D:1      | Reached XP level 3. HP: 15/33 MP: 3/3
  1050 | D:2      | Noticed Jessica
  1053 | D:2      | Killed Jessica
  1054 | D:2      | Reached XP level 4. HP: 41/42 MP: 3/3
  1068 | D:2      | Reached skill level 1 in Dodging
  1118 | D:2      | Reached skill level 1 in Slings
  2503 | D:4      | Reached XP level 5. HP: 38/49 MP: 4/4
  2761 | D:4      | Found a staircase to the Ecumenical Temple.
  2771 | Temple   | Entered the Ecumenical Temple
  3354 | D:4      | Found a hazy altar of Hepliaklqana.
  3638 | D:5      | Entered Level 5 of the Dungeon
  3645 | D:5      | Noticed Menkaure
  3655 | D:5      | Killed Menkaure
  3656 | D:5      | Reached XP level 6. HP: 37/56 MP: 0/5
  3737 | D:5      | Found a radiant altar of Vehumet.
  3737 | D:5      | Found a burning altar of Makhleb.
  3747 | D:5      | Became a worshipper of Makhleb the Destroyer
  3955 | D:5      | Found an ornate altar of the Wu Jian Council.
  3955 | D:5      | Noticed Dowan
  3985 | D:5      | Killed Dowan
  3989 | D:5      | Noticed Duvessa
  4001 | D:5      | Mangled by Duvessa

Illustrated notes

Levels and vault maps discovered:
D:1:      saegor_arrival_miasma, layout_loops_cross,
          hellmonk_ecumenical_altar_dog_temple
D:2:      layout_rooms, minivault_4, uniq_jessica
D:3:      layout_basic
D:4:      layout_basic, nicolae_hepliaklqana_monster_ancestors,
          minmay_temple_entry_offerings, serial_bayou_pond_d, minmay_liquid_box
D:5:      layout_layer_cave, grunt_temple_overflow_lords_of_destruction,
          nicolae_wu_jian_glorious_leap, serial_shops, nicolae_stop_n_shop_2,
          uniq_menkaure, uniq_duvessa
Temple:   cyrus_circular_temple

Skill      XL: |  1  2  3  4  5  6 |
---------------+-------------------+-----
Axes           | 3 4 |  4.6
Fighting       | 3 |  3.6
Shields        | 4 |  4.5
Dodging        | 1 |  1.4
Slings         | 1 2 |  2.8
Armour         | 4 |  4.8
Stealth        | |  0.4

Action                   |  1- 3 |  4- 6 || total
-------------------------+-------+-------++-------
Melee: War axe           |   115 |   126 ||   241
 Fire: Hunting sling     |    17 |    58 ||    75
 Abil: Heal Wounds       |     1 |       ||     1
  Use: Scroll            |       |     1 ||     1
Armor: Scale mail        |    80 |    73 ||   153
Dodge: Dodged            |    51 |    41 ||    92
Block: Kite shield       |    91 |    83 ||   174
